 Dungeon Crawl Stone Soup version 0.31-a0-236-g9a0961fb85 (webtiles) character file.

Game seed: 2158065348378772944

226 qw the Shooter (level 5, -2/45 HPs)
             Began as a Minotaur Hexslinger on July 10, 2023.
             Killed by divine providence
             ... invoked by an orc priest
              (16 damage)
             ... on level 4 of the Dungeon.
             The game lasted 00:01:04 (3096 turns).

qw the Shooter (Minotaur Hexslinger)                Turns: 3096, Time: 00:01:04

Health: -2/45      AC:  9    Str: 13    XL:     5   Next: 69%
Magic:  5/5        EV: 11    Int: 10    God:
Gold:   252        SH:  0    Dex: 14    Spells: 5/6 levels left

rFire   . . .        Y - +1 sling
rCold   . . .        (no shield)
rNeg    . . .        b - +0 ring mail
rPois   .            (helmet restricted)
rElec   .            (no cloak)
rCorr   .            (no gloves)
SInv    .            (no boots)
Will    .....        (no amulet)
Stlth   +            i - +4 ring of protection
HPRegen 0.27/turn    (no ring)
MPRegen 0.09/turn

%: no passive effects
@: no status effects
A: horns 2, retaliatory headbutt
a: no special abilities


You were on level 4 of the Dungeon.
You visited 1 branch of the dungeon, and saw 4 of its levels.

You collected 252 gold pieces.


Innate Abilities, Weirdness & Mutations

You have a pair of horns on your head.
You reflexively headbutt those who attack you in melee.


   Skills:
 - Level 3.3 Fighting
 + Level 5.2 Ranged Weapons
 - Level 2.7 Armour
 - Level 2.1 Dodging
 - Level 1.0 Spellcasting
 - Level 2.0 Hexes


You had 5 spell levels left.
You knew the following spells:

 Your Spells              Type           Power      Damage    Failure   Level
a - Slow                  Hex            16%        N/A       30%         1

Your spell library contained the following spells:

 Spells                   Type           Power      Damage    Failure   Level
 Inner Flame              Hex/Fire       2%         N/A       80%         3
 Portal Projectile        Hex/Tloc       4%         N/A       80%         3
 Cause Fear               Hex            2%         N/A       97%         4

Inventory:

Hand Weapons
 Y - a +1 sling (weapon)
Armour
 b - a +0 ring mail (worn)
Jewellery
 i - a +4 ring of protection (left hand)
Scrolls
 c - 2 scrolls of identify
 d - a scroll of teleportation
Potions
 a - a potion of curing
 e - a potion of haste {unknown}
 f - a potion of enlightenment {unknown}
 g - 3 potions of mutation {unknown}
 h - a potion of might {unknown}

Dungeon Overview and Level Annotations

Branches:
Dungeon (4/15)
 Temple: D:4-7

Altars:
Elyvilon
Kikubaaqudgha
Sif Muna
Uskayaw
Wu Jian
Zin


Message History

You kill the orc!
An orc comes into view. It is wielding a +0 flail.
You shoot a sling bullet.
The sling bullet barely misses the orc priest.
An orc priest comes into view. It is wielding a +0 hand axe.
The orc priest calls down the wrath of Beogh upon you.
Beogh smites you!
You hear a shout!
You shoot a sling bullet. The sling bullet hits the orc priest.
The orc priest is moderately wounded.
The orc priest looks braver for a moment.
You shoot a sling bullet.
The sling bullet hits the orc priest but does no damage.
The orc priest is moderately wounded.
The orc priest hits you but does no damage.
You shoot a sling bullet.
The sling bullet barely misses the orc priest.
The orc priest invokes the aid of Beogh against you.
Beogh smites you!
You shoot a sling bullet.
The sling bullet hits the orc priest but does no damage.
The orc priest is moderately wounded.
The orc priest barely misses you.
The orc priest invokes the aid of Beogh against you.
Beogh smites you!
The orc priest begins to cast a cantrip, but forgets the words!
You shoot a sling bullet.
The sling bullet barely misses the orc priest.
The sling bullet hits the orc but does no damage.
The orc priest barely misses you. You furiously retaliate!
You headbutt the orc priest. You shoot a sling bullet.
The sling bullet barely misses the orc priest.
The sling bullet closely misses the orc.
The orc priest hits you but does no damage.
You shoot a sling bullet. The sling bullet hits the orc priest.
The orc priest is almost dead.
The orc priest invokes the aid of Beogh against you.
Beogh smites you!
You die...

#.............
#..
##............
##..
#...........#
#...
##.........##
#...
##.......##
##.. #.....###
#.. ##.#.###
### ##. #..###
##.## #. #@##
#...## ## #o#
#....## #


oo# #.....## #)## #......# .. #......## #.# #........ #. #......## ..
#########....## ####.........# You could see 2 orc priests and an orc.

Vanquished Creatures
  A scorpion (D:4)
  An iguana (D:4)
  7 adders
  A worm (D:3)
  3 dart slugs
  5 orcs
  2 endoplasms
  2 giant cockroaches
  7 goblins
  7 hobgoblins
  9 jackals
  6 kobolds
  A quokka (D:3)
  7 ball pythons
  A bat (D:3)
  5 rats
65 creatures vanquished.

Vanquished Creatures (others)
  A human (D:4)
1 creature vanquished.

Grand Total: 66 creatures vanquished

Notes
Turn   | Place    | Note
-------+----------+-------------------------------------------
     0 | D:1      | qw the Minotaur Hexslinger began the quest for the Orb.
     0 | D:1      | Reached XP level 1. HP: 16/16 MP: 1/1
     0 | D:1      | 0 ||| qw: Version: 0.3-a-52-g30416fa
     0 | D:1      | 0 ||| qw: Game counter: 4531
     0 | D:1      | 0 ||| qw: Melee chars always use a shield: true
     0 | D:1      | 0 ||| qw: God list: Okawaru
     0 | D:1      | 0 ||| qw: Allow faded altars: false
     0 | D:1      | 0 ||| qw: Do Orc after clearing Dungeon:15 true
     0 | D:1      | 0 ||| qw: Do second Lair branch before Depths: true
     0 | D:1      | 0 ||| qw: Lair rune preference: random
     0 | D:1      | 0 ||| qw: Goals: Normal
     0 | D:1      | 0 ||| PLANNING D:1-11
   241 | D:1      | 241 ||| FLEEEEING.
   242 | D:1      | 242 ||| FLEEEEING.
   257 | D:1      | 257 ||| FLEEEEING.
   269 | D:1      | Reached skill level 3 in Ranged Weapons
   269 | D:1      | Reached XP level 2. HP: 23/23 MP: 2/2
   495 | D:1      | 495 ||| FLEEEEING.
   496 | D:1      | 496 ||| FLEEEEING.
   497 | D:1      | 497 ||| FLEEEEING.
   498 | D:1      | 498 ||| FLEEEEING.
   499 | D:1      | 499 ||| FLEEEEING.
   500 | D:1      | 500 ||| FLEEEEING.
   501 | D:1      | 501 ||| FLEEEEING.
   502 | D:1      | 502 ||| FLEEEEING.
   503 | D:1      | 503 ||| FLEEEEING.
   504 | D:1      | 504 ||| FLEEEEING.
   988 | D:1      | 988 ||| DROPPING amulet of magic regeneration.
   989 | D:1      | 989 ||| UPGRADING to +4 ring of protection.
   990 | D:1      | 990 ||| READING scroll labelled KIWAOCSULO.
   991 | D:1      | 991 ||| READING scroll labelled DADEGE HIUMI.
  1034 | D:1      | 1034 ||| READING scroll labelled NESMOQ ITAOT.
  1039 | D:1      | 1039 ||| READING scroll labelled ZIJ ZENUTZAI.
  1040 | D:1      | 1040 ||| DROPPING scroll of poison.
  1079 | D:2      | Reached XP level 3. HP: 29/29 MP: 3/3
  1321 | D:2      | Reached skill level 4 in Ranged Weapons
  1342 | D:2      | Identified the +0 robe "Jymm" {Rampage +Inv}
  1695 | D:2      | 1695 ||| DROPPING +0 robe "Jymm" {Rampage +Inv}.
  1696 | D:2      | 1696 ||| READING 2 scrolls labelled POUNAPTI HAJI.
  1697 | D:2      | 1697 ||| READING scroll labelled WUSINY PAUNE.
  1698 | D:2      | 1698 ||| DROPPING scroll of vulnerability.
  1758 | D:3      | Found an ornate altar of the Wu Jian Council.
  1858 | D:3      | Reached XP level 4. HP: 25/36 MP: 4/4
  2024 | D:3      | Reached skill level 5 in Ranged Weapons
  2452 | D:3      | 2452 ||| UPGRADING to +0 ring mail.
  2462 | D:3      | 2462 ||| DROPPING +0 robe.
  2463 | D:3      | 2463 ||| DRINKING 2 fuming green potions.
  2561 | D:4      | Found an ancient bone altar of Kikubaaqudgha.
  2564 | D:4      | Noticed a human
  2565 | D:4      | Killed a human
  2608 | D:4      | Noticed a scorpion
  2620 | D:4      | Killed a scorpion
  2621 | D:4      | Reached XP level 5. HP: 42/42 MP: 5/5
  2622 | D:4      | Found a white marble altar of Elyvilon.
  2823 | D:4      | Reached skill level 3 in Fighting
  2944 | D:4      | Found a shimmering blue altar of Sif Muna.
  3054 | D:4      | Found a glowing silver altar of Zin.
  3058 | D:4      | Found a hide-covered altar of Uskayaw.
  3096 | D:4      | Killed from afar by an orc priest

Levels and vault maps discovered:
D:1:      mrwooster_arrival_statue_2, layout_loops_corners, minmay_crystal_room
D:2:      layout_loops_ring, minmay_pentomino_r2
D:3:      layout_basic, mainiacjoe_overflow_24_doors, minmay_starry_boxes
D:4:      layout_cave_pods, mainiacjoe_overflow_tiny_flanked, tgw_kikubaaqudgha,
          nicolae_overflow_squiral, elyvilon_altar_5,
          nemelex_diamond_rough_becter, serial_rivers,
          chequers_serial_rivers_micro_a, chequers_serial_rivers_small_a,
          chequers_serial_rivers_large_a, chequers_serial_rivers_micro_b,
          chequers_serial_rivers_room_b, chequers_serial_rivers_micro_e,
          grunt_ministairs_13

Skill      XL: |  1  2  3  4  5 |
---------------+----------------+-----
Ranged Weapons | 3 4 5 |  5.2
Fighting       | 2 3 |  3.3
Armour         | 2 |  2.7
Dodging        | |  2.1
Spellcasting   | |  1.0
Hexes          | |  2.0

Action                     |  1- 3 |  4- 6 || total
---------------------------+-------+-------++-------
   Fire: Sling             |   115 |   109 ||   224
    Use: Scroll            |     6 |       ||     6
         Potion            |       |     1 ||     1
 Armour: Robe              |    14 |     8 ||    22
         Ring mail         |       |    18 ||    18
  Dodge: Dodged            |    34 |    47 ||    81

Table legend:
 A = Non-vault XP
 B = Vault XP
 C = Vault XP percentage of total XP
 D = Non-vault monster count
 E = Vault monster count
 F = Vault count percentage of total count
                 A         B        C        D         E       F
            +---------+---------+-------+---------+---------+-------
      Total |     244 |      79 |  24.5 |      55 |      10 |  15.4
            +---------+---------+-------+---------+---------+-------
        D:1 |      31 |       0 |   0.0 |      16 |       0 |   0.0
        D:2 |      55 |       2 |   3.5 |      16 |       1 |   5.9
        D:3 |      41 |      38 |  48.1 |       9 |       7 |  43.8
        D:4 |     117 |      39 |  25.0 |      14 |       2 |  12.5
            +---------+---------+-------+---------+---------+-------
